 Dungeon Crawl Stone Soup version 0.29-a0-270-g1586fc07ea (webtiles) character file.

Game seed: 2247366077075430422

28 Ajdolov the Sneak (level 3, 0/23 HPs)
             Began as an Octopode Transmuter on Mar 8, 2022.
             Killed by divine providence
             ... invoked by an orc priest
              (10 damage)
             ... on level 2 of the Dungeon.
             The game lasted 00:01:10 (1348 turns).

Ajdolov the Sneak (Octopode Transmuter)             Turns: 1348, Time: 00:01:11

Health: 0/23       AC:  1    Str:  9    XL:     3   Next: 14%
Magic:  6/6        EV: 13    Int: 17    God:
Gold:   85         SH:  0    Dex: 12    Spells: 5/6 levels left

rFire   . . .      SeeInvis .     - Unarmed
rCold   . . .      Faith    .   (no shield)
rNeg    . . .      Spirit   .   (helmet restricted)
rPois   .          Reflect  .   (no amulet)
rElec   .          Harm     .   (no ring)
rCorr   .          Rampage  .   (no ring)
Will    .....                   (no ring)
Stlth   +++.......              (no ring)
HPRegen 0.07/turn               (no ring)
MPRegen 0.10/turn               (no ring)
                                (no ring)
                                (no ring)

@: no status effects
A: almost no armour, amphibious, 8 rings, camouflage 1, gelatinous body 1,
(nimble swimmer 1), tentacles
a: no special abilities


You were on level 2 of the Dungeon.
You visited 1 branch of the dungeon, and saw 2 of its levels.

You collected 85 gold pieces.

Inventory:

Scrolls
 b - 3 scrolls of amnesia {unknown}
 e - a scroll of immolation {unknown}
Potions
 a - a potion of lignification
 c - a potion of curing {unknown}
 d - a potion of brilliance {unknown}


   Skills:
 - Level 1.2 Fighting
 - Level 2.0 Dodging
 * Level 3.3 Stealth
 - Level 3.2 Unarmed Combat
 - Level 2.0 Spellcasting
 - Level 2.0 Transmutations


You had 5 spell levels left.
You knew the following spells:

 Your Spells              Type           Power      Damage    Failure   Level
a - Beastly Appendage     Tmut           16%        N/A       9%          1

Your spell library contained the following spells:

 Spells                   Type           Power      Damage    Failure   Level
 Wereblood                Tmut           8%         N/A       13%         2
 Slow                     Hex            4%         N/A       19%         1
 Passwall                 Tmut/Erth      4%         N/A       19%         2
 Ensorcelled Hibernation  Hex/Ice        2%         N/A       28%         2
 Spider Form              Tmut/Pois      5%         N/A       36%         3
 Confusing Touch          Hex            1%         N/A       50%         3
 Swiftness                Air            1%         N/A       50%         3
 Vampiric Draining        Necr           1%         2d6       50%         3
 Ice Form                 Ice/Tmut       5%         N/A       77%         4


Dungeon Overview and Level Annotations

Branches:
Dungeon (2/15)

Altars:


Innate Abilities, Weirdness & Mutations

You cannot wear most types of armour.
You are amphibious.
You can wear up to eight rings at the same time.
Your skin changes colour to match your surroundings (Stealth+).
Your rubbery body absorbs attacks. (AC +1, EV +1)
((You are camouflaged when in or above water. (Stealth+)))
You have tentacles for arms and can constrict up to eight enemies at once.


Message History

You now have 85 gold pieces (gained 12).
You see here a ball python corpse.
Done exploring.
Done exploring.
Done exploring.
There is a stone staircase leading down here.
You climb downwards.
There is a stone staircase leading up here.
A goblin is nearby!
The goblin shouts!
The goblin closely misses you.
You closely miss the goblin. Your grab misses the goblin.
The goblin hits you with a +0 dagger.
You miss the goblin. Your grab misses the goblin. You tentacle-slap the goblin.
Your grab misses the goblin.
The goblin is severely wounded.
The goblin closely misses you.
You closely miss the goblin. You grab the goblin. You squeeze the goblin.
You kill the goblin!
No target in view!
HP restored.
Things that are here:
a +0 dagger; a goblin corpse A bat comes into view.
Found a stone staircase leading down.
No target in view!
No target in view!
No target in view!
An orc priest comes into view. It is wielding a +0 flail.
The orc priest shouts!
You hear a shout!
Found a lumpy citrine amulet.
Found a stone staircase leading down.
A bat comes into view.
The orc priest calls down the wrath of Beogh upon you.
Beogh smites you!
Ouch! That really hurt!
An orc comes into view. It is wielding a +0 short sword.
The bat moves out of view.
The orc priest invokes the aid of Beogh against you.
Beogh smites you!
You die...

#####.### ... #.#
.". #.# .. #)#
#.# ##### #.#
##>. ...# #.#
...####.###.#
#.#>##.#........#
...o.o...@..#####
#..##..#.##.#
#.......#
......##.#
.##.#####.# ..
#.. #.# # #.. ..#
#.. ###


You could see an orc priest and an orc.

Vanquished Creatures
  A dart slug (D:1)
  9 ball pythons (D:1)
  4 bats (D:1)
  4 endoplasms (D:1)
  A goblin (D:2)
  2 hobgoblins (D:1)
  A frilled lizard (D:1)
  A kobold (D:1)
  A rat (D:1)
24 creatures vanquished.

Notes
Turn   | Place    | Note
-------+----------+-------------------------------------------
     0 | D:1      | Ajdolov the Octopode Transmuter began the quest for the
                  | Orb.
     0 | D:1      | Reached XP level 1. HP: 13/13 MP: 3/3
   501 | D:1      | Reached skill level 1 in Stealth
   501 | D:1      | Reached XP level 2. HP: 18/18 MP: 5/5
   558 | D:1      | Found a faded altar of an unknown god.
  1101 | D:1      | Reached XP level 3. HP: 22/23 MP: 6/6
  1348 | D:2      | Killed from afar by an orc priest

Illustrated notes

Levels and vault maps discovered:
D:1:      amcnicky_arrival_flooded_fountain, layout_loops_ring,
          basic_ecumenical_altar
D:2:      layout_loops_cross, amcnicky_mini_pool_small, minmay_close_crescents

Skill      XL: |  1  2 |
---------------+-------+-----
Stealth        | 1 3 |  3.3
Fighting       | |  1.2
Dodging        | |  2.0
Unarmed Combat | |  3.2
Spellcasting   | |  2.0
Transmutations | |  2.0

Action                   || total
-------------------------++-------
Melee: Unarmed           ||    49
       Constrict         ||    11
       Tentacles         ||     9
       Punch             ||     1
 Stab: Sleeping          ||    12
Armor: Skin              ||    10
Dodge: Dodged            ||    24

Table legend: (Time is in decaauts)
 A = Elapsed time spent in this place.
 B = Non-inter-level travel time spent in this place.
 C = Inter-level travel time spent in this place.
 D = Time resting spent in this place.
 E = Time spent auto-exploring this place.
 F = Levels seen in this place.
 G = Mean time per level.
                   A        B        C        D        E       F      G
               +--------+--------+--------+--------+--------+-----+--------+
         Total |   1345 |   1317 |     28 |      0 |   1156 |   2 |  672.5 |
       Dungeon |   1345 |   1317 |     28 |      0 |   1156 |   2 |  672.5 |
               +--------+--------+--------+--------+--------+-----+--------+

Top non-repeatable levels by time:
     D:1: 1269 daAuts
     D:2: 75 daAuts
